AoeStats
← mouri

Arabian Desert

510398277Analyzed
1v1 RM · 1d ago on Sep 30, 2026· 19m 35s· 2 players
Game mode
Random Map
Map size
Tiny (2 player)
Population
200
Speed
Normal
Resources
Standard
Victory
Conquest
Starting age
Dark Age
Ending age
Imperial Age
RankedLock teamsTeams togetherTeam positionsShared explorationLock speedFull tech treeHidden civsTurbo modeCheats
Victory
Defeat
🇯🇴 Ethiopians · Jordan
2406
+13
🇺🇸 Tupi · United States
2342
-13
RedPhosphoru
9:13 Feudal Age
7:33 Loom
9:37 Feudal Age
14:11 Castle Age
18:53 Fletching
mouri
6:33 Loom
9:08 Feudal Age
9:19 Man-at-Arms
16:41 Fletching
21:34 Castle Age
20:08 Padded Archer Armor
Connection lost

Rejoining the realm…

Still unreachable

The connection could not be restored.

Session expired

The server has moved on; the page needs a fresh start.